AoeStats
← NomadQuant

Migration

509405936Analyzed
1v1 RM · 4d ago on Sep 26, 2026· 62m 44s· 2 players
Game mode
Random Map
Map size
132×132
Population
200
Speed
Normal
Resources
Standard
Victory
Conquest
Starting age
Dark Age
Ending age
Imperial Age
RankedLock teamsTeams togetherTeam positionsShared explorationLock speedFull tech treeHidden civsTurbo modeCheats
Victory
Defeat
🇹🇷 Italians · Türkiye
892
+14
🇺🇸 Wu · United States
858
-14
The Fool SFC {EPH6}
8:33 Loom
13:01 Feudal Age
14:03 Horse Collar
14:26 Fishing Lines
16:52 Wheelbarrow
16:05 Town Watch
16:07 Double-Bit Axe
19:33 Castle Age
18:17 Wheelbarrow
17:28 Town Watch
21:09 Stone Mining
21:04 Pikeman
21:33 Arson
22:15 Heavy Plow
23:11 Medium Warships
24:18 Bow Saw
25:59 Squires
26:02 Scale Mail Armor
26:12 Forging
25:53 Fletching
27:56 Gillnets
28:49 Chain Mail Armor
30:10 Hand Cart
31:30 Town Patrol
32:11 Padded Archer Armor
34:28 Red Cliffs Tactics
35:50 Bodkin Arrow
36:31 Iron Casting
39:06 Leather Archer Armor
39:26 Ballistics
38:48 Treadmill Crane
45:04 Imperial Age
46:52 Scale Barding Armor
47:49 Blast Furnace
50:16 Chemistry
50:26 Heavy Hei Guang Cavalry
52:06 Sitting Tiger
52:29 Conscription
54:15 Two-Man Saw
56:20 Elite Skirmisher
57:07 Gold Mining
NomadQuant
0:26 Loom
12:03 Feudal Age
12:29 Double-Bit Axe
13:23 Wheelbarrow
14:45 Fishing Lines
16:24 Town Watch
19:06 Castle Age
18:32 Fletching
19:46 Stone Mining
20:37 Hand Cart
21:14 Medium Warships
21:12 Gillnets
22:21 Stone Shaft Mining
21:45 Horse Collar
21:50 Demolition Ship
23:11 Padded Archer Armor
23:22 Forging
23:13 Scale Mail Armor
24:04 Thumb Ring
27:33 Heavy Plow
27:26 Gold Mining
27:52 Pikeman
29:34 Bodkin Arrow
30:16 Squires
34:27 Imperial Age
33:30 Murder Holes
33:57 Ballistics
35:58 Husbandry
35:41 Treadmill Crane
36:18 Bow Saw
36:16 Town Patrol
36:45 Masonry
37:58 Conscription
38:31 Hoardings
40:48 Bloodlines
48:27 Elite Genoese Crossbowman
49:29 Scale Barding Armor
49:40 Leather Archer Armor
52:00 Arson
57:14 Chemistry
58:50 Architecture
60:48 Bombard Tower
Connection lost

Rejoining the realm…

Still unreachable

The connection could not be restored.

Session expired

The server has moved on; the page needs a fresh start.